 Dungeon Crawl Stone Soup version 0.29.1-2-gbd0b4ee654 (webtiles) character file.

Game seed: 13538340515262175630

295 Icepheonix32 the Trooper (level 6, -15/57 HPs)
             Began as a Minotaur Fighter on Oct 25, 2022.
             Demolished by an ogre
             ... wielding a +0 giant spiked club
              (16 damage)
             ... on level 4 of the Dungeon.
             The game lasted 00:03:04 (3666 turns).

Icepheonix32 the Trooper (Minotaur Fighter)         Turns: 3666, Time: 00:03:04

Health: -15/57     AC: 10    Str: 20    XL:     6   Next: 11%
Magic:  5/5        EV:  9    Int:  7    God:
Gold:   184        SH:  4    Dex: 10    Spells: 5/5 levels left

rFire   + . .      SeeInvis .   f - +0 flail (holy)
rCold   + . .      Faith    .   c - +0 buckler
rNeg    . . .      Spirit   .   b - +1 scale mail
rPois   +          Reflect  .   (helmet restricted)
rElec   +          Harm     .   (no cloak)
rCorr   +          Rampage  .   (no gloves)
Will    .....                   (no boots)
Stlth   ..........              (no amulet)
HPRegen 0.19/turn               o - ring of resist corrosion
MPRegen 0.09/turn               q - ring of wizardry

@: resistant
A: horns 2, retaliatory headbutt, iridescent scales 1
a: no special abilities


You were on level 4 of the Dungeon.
You visited 1 branch of the dungeon, and saw 4 of its levels.

You collected 184 gold pieces.

Inventory:

Hand Weapons
 a - a +0 war axe
 f - a +0 flail of holy wrath (weapon)
 j - a +0 spear
Missiles
 e - 5 silver javelins (quivered)
Armour
 b - a +1 scale mail (worn)
 c - a +0 buckler (worn)
 i - a +0 chain mail
Jewellery
 o - a ring of resist corrosion (left hand)
 q - a ring of wizardry (right hand)
Wands
 t - a wand of mindburst (2)
Scrolls
 g - a scroll of immolation
 k - a scroll of noise {unknown}
 m - 3 scrolls of enchant armour
Potions
 d - 3 potions of might
 h - 2 potions of magic
 n - a potion of curing


   Skills:
 * Level 5.8 Fighting
 - Level 2.9(3.4) Axes
 + Level 2.5(3.2) Maces & Flails
 + Level 5.1 Armour
 + Level 1.7 Dodging
 + Level 4.2 Shields


You had 5 spell levels left.
You didn't know any spells.
Your spell library contained the following spells:

 Spells                   Type           Power      Damage    Failure   Level
 Magic Dart               Conj           0%         1d3       52%         1
 Ensorcelled Hibernation  Hex/Ice        0%         N/A       65%         2
 Passwall                 Tmut/Erth      0%         N/A       65%         2
 Searing Ray              Conj           0%         2d4       65%         2
 Swiftness                Air            0%         N/A       86%         3
 Fulminant Prism          Conj/Hex       0%         3d6       99%         4


Dungeon Overview and Level Annotations

Branches:
Dungeon (4/15)
 Temple: D:4-7

Altars:

Annotations:
D:4 Dowan, Duvessa


Innate Abilities, Weirdness & Mutations

You have a pair of horns on your head.
You reflexively headbutt those who attack you in melee.
You are partially covered in iridescent scales. (AC +2)


Message History

You block Duvessa's attack.
You are too injured to fight recklessly!
You are too injured to fight recklessly!
You are too injured to fight recklessly!
You are too injured to fight recklessly!
You are too injured to fight recklessly!
You are too injured to fight recklessly!
You are too injured to fight recklessly!
You are too injured to fight recklessly!
You are too injured to fight recklessly!
You are too injured to fight recklessly!
You are too injured to fight recklessly!
Unknown command.
As you read the scroll of teleportation, it crumbles to dust.
You feel strangely unstable. You block Duvessa's attack.
The ogre barely misses you.
The air fills with toxic fumes!
As you read the scroll of poison, it crumbles to dust.
Duvessa hits you but does no damage.
Your surroundings suddenly seem different.
Found a long glass wand.
An ogre is nearby!
You don't have any such object.
Evoke which item? (* to show all) (? for menu, Esc to quit)
You don't have any such object.
Evoke which item? (* to show all) (? for menu, Esc to quit)
Okay, then.
Aiming: Mindburst
Press: ? - help, Shift-Dir - straight line, f - ogre
Aim: an ogre, wielding a +0 giant spiked club (chance to affect: 64%)
The ogre struggles to resist.
Unknown command.
You sock the ogre!
The ogre is heavily wounded.
The ogre hits you with a +0 giant spiked club!!
* * * LOW HITPOINT WARNING * * *
You hit the ogre. You headbutt the ogre.
The ogre is almost dead.
The ogre hits you with a +0 giant spiked club!
You die...

.#... .......#
.....##......#
./...........##
..............#
...............
..........#..#.
.........##..#
...####.#...##
..# #@O....##
.# ##..####
##.# ###


You could see an ogre.

Vanquished Creatures
  A black bear (D:3)
  An orc priest (D:3)
  2 orc wizards (D:3)
  3 adders
  A worm (D:3)
  13 orcs (D:3)
  2 ball pythons
  5 bats
  7 endoplasms
  4 giant cockroaches
  7 goblins
  9 hobgoblins
  2 jackals (D:3)
  2 quokkas
  2 frilled lizards
  5 kobolds
  14 rats
80 creatures vanquished.

Notes
Turn   | Place    | Note
-------+----------+-------------------------------------------
     0 | D:1      | Icepheonix32 the Minotaur Fighter began the quest for the
                  | Orb.
     0 | D:1      | Reached XP level 1. HP: 19/19 MP: 0/0
   322 | D:1      | Reached XP level 2. HP: 27/27 MP: 1/1
   970 | D:1      | Reached XP level 3. HP: 31/34 MP: 2/2
  1387 | D:2      | Found a faded altar of an unknown god.
  2215 | D:2      | Gained mutation: You are partially covered in iridescent
                  | scales. (AC +2) [potion of mutation]
  2215 | D:2      | Gained mutation: You are weak. (Str -2) [potion of
                  | mutation]
  2215 | D:2      | Lost mutation: You are weak. (Str -2) [potion of mutation]
  2298 | D:3      | Reached skill level 5 in Fighting
  2425 | D:3      | Reached XP level 4. HP: 28/42 MP: 3/3
  2701 | D:3      | Noticed a black bear
  2720 | D:3      | Killed a black bear
  2721 | D:3      | Reached skill level 1 in Maces & Flails
  2721 | D:3      | Reached skill level 1 in Dodging
  2721 | D:3      | Reached XP level 5. HP: 31/49 MP: 4/4
  2734 | D:3      | Reached skill level 5 in Armour
  3295 | D:3      | Reached XP level 6. HP: 28/57 MP: 5/5
  3630 | D:4      | Noticed Dowan
  3631 | D:4      | Noticed Duvessa
  3665 | D:4      | HP: 1/57 [ogre/+0 giant spiked club (27)]
  3666 | D:4      | Demolished by an ogre

Illustrated notes

Levels and vault maps discovered:
D:1:      dpeg_arrival_subterranean_lakeside_camping, layout_loops_ring
D:2:      layout_basic, basic_ecumenical_altar, minmay_rat_gold_closets
D:3:      layout_basic
D:4:      layout_cave_pools, gammafunk_ghost_grave, uniq_duvessa

Skill      XL: |  1  2  3  4  5 |
---------------+----------------+-----
Fighting       | 4 5 |  5.8
Armour         | 4 5 |  5.1
Shields        | 4 |  4.2
Maces & Flails | 1 2 |  2.5
Dodging        | 1 |  1.7
Axes           | |  2.9

Action                   |  1- 3 |  4- 6 || total
-------------------------+-------+-------++-------
Melee: War axe           |   110 |       ||   110
       Headbutt          |    15 |     9 ||    24
       Flail             |     8 |    78 ||    86
Evoke: Wand              |       |     1 ||     1
  Use: Scroll            |     6 |     3 ||     9
       Potion            |     4 |     1 ||     5
Armor: Scale mail        |    58 |    60 ||   118
Dodge: Dodged            |    56 |    46 ||   102
Block: Buckler           |    32 |    23 ||    55
